 Dungeon Crawl Stone Soup version 0.28.0-53-g5a82cb258f (webtiles) character file.

Game seed: 5396316411546665510

959 Infinimo the Cudgeller (level 7, -2/63 HPs)
             Began as a Minotaur Berserker on May 26, 2022.
             Was a Believer of Trog.
             Slain by an orc warrior
             ... wielding a +0 long sword
              (16 damage)
             ... on level 6 of the Dungeon.
             The game lasted 00:05:49 (4888 turns).

Infinimo the Cudgeller (Minotaur Berserker)         Turns: 4888, Time: 00:05:50

Health: -2/63      AC:  3    Str: 24    XL:     7   Next: 91%
Magic:  6/6        EV: 13    Int:  4    God:    Trog [**....]
Gold:   106        SH:  0    Dex:  9    Spells: 6/6 levels left

rFire   . . .      SeeInvis .   a - +0 mace
rCold   . . .      Faith    .   (no shield)
rNeg    . . .      Spirit   .   b - +0 animal skin
rPois   .          Reflect  .   (helmet restricted)
rElec   .          Harm     .   l - +0 cloak
rCorr   .          Rampage  .   (no gloves)
Will    .....                   (no boots)
Stlth   +.........              (no amulet)
HPRegen 0.20/turn               (no ring)
MPRegen 0.10/turn               (no ring)

@: on berserk cooldown, slowed, very slow
A: horns 2, retaliatory headbutt
a: Renounce Religion, Berserk, Trog's Hand


You were on level 6 of the Dungeon.
You worshipped Trog.
Trog was pleased with you.
You visited 1 branch of the dungeon, and saw 8 of its levels.

You collected 223 gold pieces.
You spent 117 gold pieces at shops.

Inventory:

Hand Weapons
 a - a +0 mace (weapon)
Armour
 b - a +0 animal skin (worn)
 l - a +0 cloak (worn)
Jewellery
 d - a +6 ring of intelligence
 s - an amulet of faith
Wands
 o - a wand of digging (6)
Scrolls
 c - a scroll of immolation {unknown}
 g - 4 scrolls of identify {unknown}
 h - a scroll of enchant weapon {unknown}
 m - 2 scrolls of blinking {unknown}
 n - 5 scrolls of teleportation
 p - a scroll of holy word {unknown}
Potions
 e - a potion of flight {unknown}
 f - a potion of lignification {unknown}
 i - a potion of magic {unknown}
 j - a potion of curing {unknown}
 k - a potion of heal wounds {unknown}
 q - a potion of experience {unknown}
 r - a potion of brilliance {unknown}
 t - a potion of cancellation {unknown}


   Skills:
 + Level 6.0 Fighting
 * Level 7.7 Maces & Flails
 + Level 5.4 Armour
 + Level 4.9 Dodging


You had 6 spell levels left.
You didn't know any spells.
Your spell library was empty.

Dungeon Overview and Level Annotations

Branches:
Dungeon (8/15)             Temple (0/1) D:5
   Lair: D:8-11

Altars:
Fedhas
Kikubaaqudgha
Makhleb
Qazlal
Sif Muna
Wu Jian

Shops:
D:4 [   D:5 ?


Innate Abilities, Weirdness & Mutations

You have a pair of horns on your head.
You reflexively headbutt those who attack you in melee.


Message History

Your Fighting skill increases to level 6!
An orc comes into view. It is wielding a +0 club.
The orc shouts!
Things that are here:
+0 steam dragon scales; a steam dragon corpse You hit the orc priest.
The orc priest is lightly wounded.
The orc priest mumbles some strange prayers to Beogh against you.
Pain shoots through your body!
* * * LOW HITPOINT WARNING * * *
You closely miss the orc priest.
The orc priest is lightly wounded.
The orc priest closely misses you.
You thump the orc priest!
The orc priest is severely wounded.
You bludgeon the orc priest!!
You kill the orc priest!
Trog accepts your kill.
You feel a strong urge to attack something.
The orc hits you with a +0 club.
* * * LOW HITPOINT WARNING * * *
You hit the orc. Your headbutt misses the orc.
The orc is moderately wounded.
You are no longer berserk.
You are exhausted.
You feel yourself slow down.
You barely miss the orc. Your headbutt misses the orc.
The orc is moderately wounded.
The orc completely misses you. The orc closely misses you.
You hit the orc.
You kill the orc!
Trog accepts your kill. The orc warrior barely misses you.
You furiously retaliate!
You headbutt the orc warrior, but do no damage.
Things that are here:
+0 steam dragon scales; a steam dragon corpse The orc warrior hits you with a +0 long sword.
* * * LOW HITPOINT WARNING * * *
The orc warrior hits you with a +0 long sword!
You die...

...##.#...#.#.....# #.#.#
..........#.####..###.#.#
##.####..)..#####...#.#.#
#....#........##.#...#.#
#......)##..#.###...###
####..#[###...........#
##.#...............#
#.#o##............#
#..@##..#.........#
#...##............#
#..<#..###......).#
#......###........#
#.................#
#......###........#
#......# ##########
#...#### ##..#


You could see an orc warrior.

Vanquished Creatures
  A steam dragon (D:6)
  A black bear (D:5)
  An ogre (D:5)
  2 centaurs (D:6)
  A scorpion (D:5)
  A wyvern zombie (D:6)
  2 orc priests
  2 hounds (D:6)
  A centaur skeleton (D:6)
  2 orc wizards (D:8)
  A hound zombie (D:4)
  A hound skeleton (D:3)
  5 adders
  An ufetubus (D:5)
  2 worms (D:2)
  6 dart slugs
  12 orcs
  4 endoplasms
  A giant cockroach (D:3)
  9 goblins
  6 hobgoblins
  4 jackals (D:2)
  7 kobolds
  2 quokkas
  4 ball pythons
  3 bats
  11 frilled lizards
  5 rats
98 creatures vanquished.

Notes
Turn   | Place    | Note
-------+----------+-------------------------------------------
     0 | D:1      | Infinimo the Minotaur Berserker began the quest for the
                  | Orb.
     0 | D:1      | Reached XP level 1. HP: 19/19 MP: 0/0
   350 | D:1      | Reached XP level 2. HP: 26/27 MP: 1/1
   410 | D:1      | Reached skill level 4 in Maces & Flails
  1017 | D:2      | Reached XP level 3. HP: 32/33 MP: 2/2
  1741 | D:2      | Reached ** piety under Trog
  1939 | D:3      | Reached XP level 4. HP: 38/40 MP: 3/3
  1956 | D:3      | Found a shimmering blue altar of Sif Muna.
  1969 | D:3      | Found an ancient bone altar of Kikubaaqudgha.
  2122 | D:3      | Found a blossoming altar of Fedhas.
  2126 | D:3      | Found a burning altar of Makhleb.
  2362 | D:3      | Found an ornate altar of the Wu Jian Council.
  2444 | D:3      | Found a faded altar of an unknown god.
  2652 | D:4      | Reached skill level 5 in Maces & Flails
  2757 | D:4      | Found Jobbout's Armour Boutique.
  3031 | D:4      | Reached XP level 5. HP: 46/47 MP: 4/4
  3272 | D:5      | Entered Level 5 of the Dungeon
  3279 | D:5      | Found a staircase to the Ecumenical Temple.
  3297 | D:5      | Noticed a black bear
  3304 | D:5      | Killed a black bear
  3433 | D:5      | Found Zosoif's Magic Scroll Shop.
  3440 | D:5      | Reached XP level 6. HP: 31/55 MP: 5/5
  3576 | D:5      | Bought a scroll of teleportation for 39 gold pieces
  3576 | D:5      | Bought a scroll of teleportation for 39 gold pieces
  3576 | D:5      | Bought a scroll of teleportation for 39 gold pieces
  3588 | D:5      | Reached skill level 5 in Fighting
  3588 | D:5      | Reached skill level 6 in Maces & Flails
  3635 | D:5      | Found a stormy altar of Qazlal.
  3705 | D:5      | You fall into a shaft and drop 3 floors!
  4094 | D:8      | Noticed a two-headed ogre
  4283 | D:6      | Reached XP level 7. HP: 60/61 MP: 6/6
  4624 | D:6      | Reached skill level 7 in Maces & Flails
  4735 | D:6      | Reached skill level 5 in Armour
  4855 | D:6      | Noticed a steam dragon
  4873 | D:6      | Killed a steam dragon
  4888 | D:6      | Slain by an orc warrior

Illustrated notes

Levels and vault maps discovered:
D:1:      minmay_arrival_semitransparent, layout_rooms
D:2:      layout_rooms, kennysheep_minor_cross, minmay_lizard_pond
D:3:      layout_rooms, lemuel_zombie_altar_kikubaaqudgha,
          mainiacjoe_overflow_paths, lemuel_crystal_altar, minitemple,
          dilly_ecumenical_altar_fadedgnrine
D:4:      layout_cave_pools, serial_shops, nicolae_inconvenience_store
D:5:      layout_basic, nicolae_qazlal_scattered_showers, old_standard_altar,
          minmay_temple_entry_large_hall, serial_shops, shop
D:6:      layout_rooms, serial_shops, nicolae_shop_hallway_plus,
          kennysheep_path_1
D:7:      layout_basic, enter_bailey_3
D:8:      layout_loops_ring, mainiacjoe_overflow_alcove_1

Skill      XL: |  1  2  3  4  5  6  7 |
---------------+----------------------+-----
Maces & Flails | 4 5 6 7 |  7.7
Fighting       | 4 5 6 |  6.0
Armour         | 3 4 5 |  5.4
Dodging        | 3 4 |  4.9

Action                   |  1- 3 |  4- 6 |  7- 9 || total
-------------------------+-------+-------+-------++-------
Melee: Mace              |   103 |   119 |    30 ||   252
       Headbutt          |    17 |    16 |     5 ||    38
       Punch             |     1 |     4 |       ||     5
Invok: Berserk           |     1 |     3 |     2 ||     6
 Stab: Sleeping          |       |     1 |       ||     1
Armor: Animal skin       |    23 |    21 |     6 ||    50
Dodge: Dodged            |    54 |    63 |    27 ||   144
